Map: Infestation

Players

Sakarias - Winner!

  • Race: Terran Terran
  • Spawn Location: 9:00

wroth - Winner!

  • Race: Zerg Zerg
  • Spawn Location: 9:00

Gracz

  • Race: Terran Terran
  • Spawn Location: 3:00

HAJPER

  • Race: Zerg Zerg
  • Spawn Location: 3:00

VOD

Have the link to the VOD?

Description

Time

  • Played on: May 4, 2016, 2:22 p.m.
  • Length: 9:44
Show
View Real Time Build Order
Export as new Build Order

Sakarias Terran - Winner!

Build Orders: MMM Bio 

Get SALT Encoding   

  12  0:02  SCV  
  13  0:14  SCV  
  14  0:21  Supply Depot  
  14  0:26  SCV  
  15  0:43  SCV  
  15  0:47  Barracks  
  16  0:55  Refinery, SCV  
  17  1:06  Supply Depot  
  17  1:07  SCV  
  18  1:19  Engineering Bay  
  18  1:20  SCV  
  19  1:32  SCV  
  20  1:38  Barracks Tech Lab  
  20  1:46  Barracks  
  20  1:50  SCV  
  21  1:57  Marine, Refinery  
  23  2:09  Orbital Command  
  23  2:12  Stimpack  
  22  2:22  Marine  
  23  2:35  Barracks Reactor  
  23  2:48  Command Center  
  23  2:52  Marauder  
  23  2:55  SCV  
  26  3:08  SCV  
  26  3:09  Factory  
  27  3:14  Marine x2  
  27  3:19  Reaper  
  30  3:21  SCV  
  31  3:41  Supply Depot  
  31  3:45  Missile Turret  
  31  3:59  SCV  
  32  4:05  Orbital Command  
  32  4:11  SCV  
  32  4:13  Starport  
  32  4:58  Barracks  
  32  5:00  Marauder  
  32  5:01  Medivac  
  32  5:02  Medivac  
  32  5:03  Marine  
  39  5:08  SCV  
  39  5:09  SCV  
  41  5:19  Refinery  
  41  5:20  SCV  
  41  5:21  Marine, SCV  
  43  5:22  Marauder  
  46  5:32  Viking x2  
  46  5:33  SCV x2  
  52  5:39  Marine  
  53  5:44  Marine  
  54  5:50  Combat Shields  
  54  5:56  Supply Depot  
  54  5:58  Supply Depot  
  54  6:17  Marine x2  
  54  6:18  Supply Depot, Marauder  
  58  6:21  Supply Depot  
  58  6:26  Medivac  
  58  6:27  Medivac  
  62  6:33  SCV  
  62  6:35  Marine x2  
  62  6:39  Marauder  
  67  6:45  SCV  
  68  7:01  Marauder  
  69  7:04  Liberator x2  
  56  7:16  Marine x2  
  56  7:22  Marauder  
  66  7:33  Command Center  
  66  7:34  Supply Depot  
  66  7:36  Supply Depot  
  66  7:43  Marauder  
  68  7:45  Supply Depot  
  68  7:57  Marine  
  68  7:58  Marine  
  70  8:04  Hellion  
  70  8:05  Marauder  
  74  8:15  Marine  
  75  8:25  Hellion  
  75  8:26  Marauder  
  79  8:34  Missile Turret  
  79  8:37  Sensor Tower  
  79  8:42  Viking  
  79  8:43  Viking  
  79  8:48  Marauder  
  83  8:49  Marine x2  
  85  8:58  Supply Depot  
  85  9:07  Marine x2  
  85  9:09  Marauder  
  89  9:12  Viking  
  91  9:24  Marine  
Show
View Real Time Build Order
Export as new Build Order

wroth Zerg - Winner!

Build Orders: Hatch First 

Get SALT Encoding   

  12  0:01  Drone  
  13  0:12  Overlord  
  13  0:17  Drone  
  14  0:49  Hatchery  
  13  0:50  Drone  
  13  0:51  Drone  
  15  1:18  Drone  
  15  1:19  Spawning Pool, Drone  
  16  1:42  Hatchery  
  16  1:46  Drone x2  
  17  1:54  Drone  
  17  1:59  Overlord  
  18  2:07  Queen  
  20  2:12  Drone  
  20  2:14  Drone  
  22  2:23  Drone x3  
  25  2:32  Queen  
  25  2:35  Zergling x2  
  28  2:38  Drone  
  29  2:48  Zergling x4  
  31  2:51  Drone  
  31  2:56  Drone x2  
  31  2:57  Extractor  
  33  3:04  Drone  
  34  3:08  Drone x2  
  36  3:15  Drone x2  
  38  3:20  Drone x3  
  41  3:27  Drone  
  41  3:28  Extractor, Overlord  
  41  3:29  Overlord  
  41  3:36  Drone  
  41  3:40  Overlord  
  42  3:45  Queen  
  44  3:57  Extractor  
  44  3:59  Zergling x2, Drone x2  
  44  4:00  Extractor, Drone x5  
  50  4:15  Lair  
  50  4:27  Extractor  
  50  4:29  Extractor  
  48  4:36  Overlord  
  48  5:05  Zergling x4, Overlord  
  50  5:10  Overlord x2  
  50  5:11  Zergling x4, Overlord  
  50  5:13  Drone x3  
  55  5:21  Evolution Chamber  
  55  5:22  Evolution Chamber  
  55  5:25  Spire  
  55  5:27  Spire  
  55  5:28  Drone x4  
  53  5:29  Drone x4  
  59  5:44  Zergling x4  
  59  5:45  Zergling x2, Overlord  
  59  5:47  Zerg Ground Armor Level 1  
  62  5:52  Zerg Melee Weapons Level 1  
  62  5:59  Spine Crawler  
  62  6:03  Spine Crawler  
  60  6:08  Spine Crawler  
  59  6:22  Overseer  
  59  6:38  Mutalisk x2  
  59  6:39  Mutalisk x7  
  71  6:40  Mutalisk x2  
  81  6:54  Spore Crawler  
  81  6:57  Spore Crawler  
  81  7:00  Zerg Flyer Armor Level 1  
  79  7:01  Zerg Flyer Weapons Level 1  
  79  7:02  Mutalisk  
  79  7:04  Zergling x2  
  79  7:05  Zergling x2  
  83  7:22  Mutalisk  
  83  7:23  Mutalisk x3  
  91  7:40  Mutalisk x2  
  95  7:52  Mutalisk x2  
  99  7:59  Mutalisk  
  99  8:00  Zergling x2  
  99  8:01  Zergling x6  
  105  8:12  Mutalisk x2  
  108  8:37  Mutalisk x3  
  112  8:58  Mutalisk  
  112  9:00  Zergling x2  
  111  9:10  Zergling x6  
  111  9:14  Overlord x4  
  113  9:22  Zergling x6  
Show
View Real Time Build Order
Export as new Build Order

Gracz Terran 

Build Orders: Reaper Expand 

Get SALT Encoding   

  12  0:01  SCV  
  13  0:13  SCV  
  14  0:23  Refinery  
  14  0:29  Supply Depot  
  14  0:48  SCV  
  15  0:59  Barracks  
  15  1:49  Factory  
  15  1:58  SCV  
  16  2:10  SCV  
  17  2:22  Refinery, SCV  
  18  2:28  Supply Depot  
  18  2:34  Factory Reactor, SCV  
  18  2:35  Command Center  
  18  2:36  Barracks Tech Lab  
  19  2:54  Starport  
  19  3:03  Reaper  
  20  3:09  SCV  
  25  3:13  Hellion x2  
  25  3:21  SCV  
  26  4:28  Banshee  
  26  4:30  Cloaking Field  
  29  4:34  Orbital Command  
  29  4:41  Barracks Reactor  
  28  4:57  Widow Mine  
  28  4:58  Hellion  
  32  5:19  Hellion  
  34  5:25  Widow Mine  
  36  5:35  Banshee  
  39  5:38  Reaper x2  
  41  6:10  Reaper x2  
  43  6:18  Banshee  
  46  6:32  Barracks  
  46  6:38  Supply Depot  
  46  6:53  Reaper  
  46  6:54  Reaper  
  26  7:25  Reaper  
  26  7:26  Reaper  
  28  7:37  Marine  
  29  7:54  Marine  
  29  7:57  Marine  
  29  7:58  Marine  
  32  8:12  Marine  
  32  8:15  Marine  
  32  8:16  Marine  
  35  8:30  Marine  
  35  8:33  Marine x2  
  23  8:48  Marine  
  17  8:50  Marine  
  17  8:51  Marine  
  8  9:08  Marine, Barracks Reactor  
  8  9:09  Marine  
  7  9:12  SCV  
  8  9:24  SCV  
  9  9:26  Marine  
Show
View Real Time Build Order
Export as new Build Order

HAJPER Zerg 

Build Orders: Pool First 

Get SALT Encoding   

  12  0:03  Drone  
  13  0:21  Drone  
  14  0:31  Overlord  
  14  0:51  Spawning Pool  
  14  0:55  Evolution Chamber  
  12  1:43  Extractor, Drone  
  12  1:44  Drone  
  12  1:46  Hatchery  
  12  1:50  Queen  
  14  1:56  Zergling x2  
  15  2:21  Roach Warren  
  14  2:23  Drone x2  
  14  2:24  Drone  
  17  2:57  Extractor, Drone  
  17  2:58  Drone x2  
  19  3:11  Roach x3  
  25  3:22  Drone  
  25  3:24  Drone x2  
  28  3:39  Overlord x2  
  28  4:05  Roach x4  
  28  4:06  Roach  
  38  4:10  Drone x3  
  41  4:26  Overlord  
  41  4:27  Queen  
  43  4:52  Lair  
  43  4:55  Roach x3  
  43  4:58  Drone x2  
  51  5:11  Overlord  
  51  5:12  Overlord  
  51  5:36  Roach x5  
  61  5:56  Spire  
  60  5:58  Glial Reconstitution  
  60  6:04  Roach x2  
  60  6:05  Drone  
  65  6:13  Overlord  
  65  6:25  Roach  
  67  6:33  Drone x2  
  67  6:34  Drone  
  67  6:35  Roach  
  67  6:36  Roach  
  74  6:45  Roach  
  74  6:46  Overlord  
  71  7:27  Zerg Missile Weapons Level 1  
  71  7:30  Roach x3  
  71  7:31  Roach x3  
  79  7:44  Mutalisk x3  
  56  8:43  Drone  
  56  8:44  Drone x5  
Tags
 
Add a new tag
Caveats
  • Supply blocks, unpowered buildings, or Contaminate may cause inaccurate times.
  • Supply counts are checked every 10 seconds.